AoeStats
← FiestaParty

Arabia

507898967Analyzed
1v1 RM · 12d ago on Sep 20, 2026· 40m 56s· 2 players
Game mode
Random Map
Map size
Tiny (2 player)
Population
200
Speed
Normal
Resources
Standard
Victory
Conquest
Starting age
Dark Age
Ending age
Imperial Age
RankedLock teamsTeams togetherTeam positionsShared explorationLock speedFull tech treeHidden civsTurbo modeCheats
Victory
Defeat
🇺🇸 Persians · United States
875
+15
🇸🇻 Sicilians · El Salvador
853
-15
davidgabrielyea
2:04 Loom
11:23 Feudal Age
22:01 Castle Age
22:16 Pikeman
33:54 Squires
FiestaParty
7:11 Loom
9:13 Feudal Age
9:54 Double-Bit Axe
20:10 Castle Age
18:47 Gold Mining
19:07 Scale Barding Armor
19:23 Horse Collar
20:19 Forging
20:24 Bloodlines
22:54 Wheelbarrow
24:19 Husbandry
27:05 Chain Barding Armor
28:48 Iron Casting
28:34 Heavy Plow
39:42 Elite Skirmisher
Connection lost

Rejoining the realm…

Still unreachable

The connection could not be restored.

Session expired

The server has moved on; the page needs a fresh start.